 Dungeon Crawl Stone Soup version 0.21-a0-193-g085b6a0 (webtiles) character file.

1005036 Thrax the Conqueror (level 27, -7/199 HPs)
             Began as a Gargoyle Berserker on Apr 13, 2017.
             Was the Champion of Okawaru.
             Killed from afar by an orb of fire (30 damage)
             ... with a bolt of fire
             ... on level 5 of the Realm of Zot on Aug 15, 2017.
             The game lasted 10:26:34 (109492 turns).

Thrax the Conqueror (Gargoyle Berserker)          Turns: 109492, Time: 10:26:34

Health: -7/199     AC: 45    Str: 27    XL:     27
Magic:  39/39      EV: 32    Int: 11    God:    Okawaru [******]
Gold:   6995       SH: 16    Dex: 22    Spells: 34/60 levels left

rFire    + + .     SeeInvis .   T - +8 mithril axe "Arga" {speed, MR+}
rCold    + + .     Gourm    .   N - +1 shield {AC+3}
rNeg     + + +     Faith    .   Q - +3 ring mail of the Eight Boll Weevils {MR+ Dex+3}
rPois    ∞         Spirit   .   w - +1 helmet of Repulsion {rN+ Dex+2 Stlth-}
rElec    +         Reflect  .   S - +2 cloak {MR+}
rCorr    .         Harm     .   q - +2 pair of gloves {Str+3}
MR       +++++     Rnd*Rage +   R - +0 pair of boots "Wiomp" {Regen+}
Stlth    +++++.....             k - amulet "Xovu" {Fragile rC+ Regen+ Dex+3 Stlth+}
HPRegen  1.23/turn              i - ring of Zeasioz {rF+ rN+ Int-5 Dex+5 Slay+2}
MPRegen  0.26/turn              o - ring of Saiz {*Corrode rF+ rC+ rN+ MR+}

@: corroded, flying, hasted, studying Stealth, very quick
A: big wings, berserk 1, deformed body, dopey 1, low mp 1, negative energy
resistance 1, screaming 1, electricity resistance, unbreathing, petrification
resistance, rot immunity, AC +20
}: 5/15 runes: decaying, serpentine, slimy, silver, abyssal
a: Stop Flying, Heroism, Finesse, Renounce Religion


You were on level 5 of the Realm of Zot.
You worshipped Okawaru.
Okawaru was exalted by your worship.
You were full.

You visited 12 branches of the dungeon, and saw 58 of its levels.
You visited the Abyss 9 times.
You visited 1 bazaar.
You also visited: Wizlab.

You collected 13216 gold pieces.
You spent 6221 gold pieces at shops.

Inventory:

Hand Weapons
 H - a +9 hand crossbow of velocity
 T - the +8 mithril axe "Arga" (weapon) {speed, MR+}
   (Trog gifted it to you on level 2 of the Lair of Beasts)

   Attacks with this weapon are significantly faster.
   It affects your resistance to hostile enchantments.
Missiles
 B - 2532 bolts
 Y - 5 javelins of penetration (quivered)
Armour
 q - a +2 pair of gloves of strength (worn)
 w - the +1 helmet of Repulsion (worn) {rN+ Dex+2 Stlth-}
   (You found it on level 5 of the Pits of Slime)

   It affects your dexterity (+2).
   It protects you from negative energy.
   It makes you less stealthy.
 N - a +1 shield of protection (worn)
 Q - the +3 ring mail of the Eight Boll Weevils (worn) {MR+ Dex+3}
   (You found it on level 1 of the Abyss)

   It affects your dexterity (+3).
   It affects your resistance to hostile enchantments.
 R - the +0 pair of boots "Wiomp" (worn) {Regen+}
   (You found it on level 1 of the Lair of Beasts)

   It increases your rate of regeneration.
 S - a +2 cloak of magic resistance (worn)
Jewellery
 g - an uncursed ring of protection from magic
 i - the ring of Zeasioz (left hand) {rF+ rN+ Int-5 Dex+5 Slay+2}
   (You found it on level 3 of the Crypt)

   [ring of positive energy]

   It affects your intelligence (-5).
   It affects your dexterity (+5).
   It affects your accuracy and damage with ranged weapons and melee attacks
   (+2).
   It protects you from fire.
   It protects you from negative energy.
 k - the amulet "Xovu" (around neck) {Fragile rC+ Regen+ Dex+3 Stlth+}
   (You bought it in a shop in a bazaar)

   [amulet of regeneration]

   It affects your dexterity (+3).
   It protects you from cold.
   It increases your rate of regeneration.
   It will be destroyed if unequipped.
   It makes you more stealthy.
 o - the ring of Saiz (right hand) {*Corrode rF+ rC+ rN+ MR+}
   (You found it on level 5 of the Pits of Slime)

   [ring of protection from cold]

   It protects you from fire.
   It protects you from cold.
   It protects you from negative energy.
   It affects your resistance to hostile enchantments.
   It may corrode you when you take damage.
 W - a +4 amulet of reflection
Wands
 I - a wand of digging (17/24)
Scrolls
 a - 19 scrolls of fear
 b - a scroll of enchant weapon
 d - 9 scrolls of summoning
 h - a scroll of holy word
 l - 3 scrolls of recharging
 r - 15 scrolls of blinking
 t - 8 scrolls of silence
 x - 36 scrolls of teleportation
 y - a scroll of enchant armour
 A - 37 scrolls of remove curse
 C - a scroll of amnesia
 K - 12 scrolls of fog
 L - 7 scrolls of magic mapping
 P - 4 scrolls of identify
Potions
 e - 13 potions of haste
 f - 14 potions of agility
 m - 7 potions of heal wounds
 n - 44 potions of curing
 p - 2 potions of magic
 z - 9 potions of ambrosia
 D - 2 potions of brilliance
 F - 9 potions of might
 O - 5 potions of resistance
 U - 3 potions of berserk rage
 V - 4 potions of cancellation
 X - 10 potions of mutation
Books
 E - a manual of Stealth
 M - a book of Battle

   Spells                             Type                      Level
   a - Infusion                       Charms                       1
   b - Shroud of Golubria             Charms/Translocation         2
   c - Song of Slaying                Charms                       2
   d - Spectral Weapon                Hexes/Charms                 3
   e - Regeneration                   Charms/Necromancy            3
Miscellaneous
 u - 8 phantom mirrors
 G - a crystal ball of energy
Comestibles
 c - 56 bread rations
 j - 41 meat rations
 s - 31 royal jellies


   Skills:
 O Level 27 Fighting
   Level 1.1 Long Blades
 - Level 18.0(18.5) Axes
   Level 8.2(14.2) Polearms
 - Level 13.1 Crossbows
 - Level 0.5 Throwing
 O Level 27 Armour
 - Level 22.0 Dodging
 - Level 12.2 Stealth
 - Level 15.0 Shields
 - Level 2.0 Unarmed Combat
 - Level 17.3 Spellcasting
 - Level 0.1 Hexes
 + Level 21.4 Air Magic
 - Level 20.5 Evocations


You had 34 spell levels left.
You knew the following spells:

 Your Spells              Type           Power        Failure   Level  Hunger
a - Apportation           Tloc           #.....       7%          1    None
b - Summon Butterflies    Summ           #.......     7%          1    None
c - Passwall              Tmut/Erth      #.........   11%         2    None
d - Tornado               Air            ######....   63%         9    #######
e - Darkness              Hex            #.........   100%        6    ######.
f - Silence               Hex/Air        ####......   2%          5    #####..
g - Blink                 Tloc           N/A          11%         2    None


Dungeon Overview and Level Annotations

Branches:
Dungeon (15/15)            Temple (1/1) D:4            Lair (6/6) D:8
  Swamp (4/4) Lair:3        Snake (4/4) Lair:2        Slime (5/5) Lair:5
    Orc (2/2) D:9             Elf (3/3) Orc:2        Vaults (5/5) D:13
  Crypt (3/3) Vaults:2       Tomb (0/3) Crypt:3      Depths (5/5) D:15
    Zot (5/5) Depths:5

Altars:
Ashenzari
Cheibriados
Dithmenos
Elyvilon
Fedhas
Gozag
Hepliaklqana
Kikubaaqudgha
Makhleb
Nemelex Xobeh
Okawaru
Qazlal
Ru
Sif Muna
Trog
Uskayaw
Vehumet
Wu Jian
Xom
Yredelemnul
Zin
The Shining One
Beogh
Jiyva

Shops:
D:4 [   D:10 (   D:15 !   Orc:1 [   Orc:2 =(**   Elf:1 *   Snake:2 (
Snake:3 *   Depths:3 !   Depths:5 *??}

Portals:
Hell: Depths:1 Depths:2 Depths:3 Depths:4 Depths:5
Abyss: Depths:1 Depths:3 Depths:4 Depths:5
Pandemonium: Depths:3 Depths:4
Ziggurat: Depths:2


Innate Abilities, Weirdness & Mutations

You are resistant to torment.
Your stone body is resilient. (AC +20)
You are immune to poison.
Your large and strong wings let you fly indefinitely.
You resist negative energy. (rN+)
You are resistant to electric shocks. (rElec)
You can survive without breathing.
You are immune to petrification.
You are immune to rotting.
You tend to lose your temper in combat.
Armour fits poorly on your strangely shaped body.
You are dopey. (Int -2)
Your magical capacity is low. (-10% MP)
You occasionally shout uncontrollably at your foes.


Message History

The bolt of fire hits you! You resist.
* * * LOW HITPOINT WARNING * * *
The orb of fire emits a lurid red light.
The bolt of fire misses you.
The orb of fire glows deep purple.
Strange energies course through your body.
You feel the urge to shout.
The orb of fire glows deep purple.
The fireball explodes!
The fireball engulfs you!
The orb of fire glows yellow.
The bolt of fire hits you! You resist.
* * * LOW HITPOINT WARNING * * *
Your corrosive artefact corrodes you!
The orb of fire glows bright magenta.
The bolt of fire hits you! You resist.
* * * LOW HITPOINT WARNING * * *
The orb of fire glows red.
The bolt of fire hits the orb of fire.
The orb of fire completely resists.
The bolt of fire hits you! You resist.
You die...

# #...≈≈≈≈#)....#................
###...≈≈≈≈≈.)...#................
......≈≈≈≈≈......#######.........
......≈..........#..............#
......≈........*.'.......)......^
......≈........*.#......))......#
...###≈.....####.#.......<).....'
............####.#....≈.≈.......#
##..........#...@#..#.#.≈....####
#..........#.......#.#.≈..^.....
#......^...#...##..#.#.<.##.....
#..........#....#..#.⌠.####.....
#.....######....#..#..## ##..⌠.
#.....# #....####..# #....
####### ####.......### #....
######"...######## ####.#)......


You could see 2 orbs of fire.

Vanquished Creatures
  An orb of fire (Zot:5)
  Mara (Depths:4)
  The ghost of strifetoe the Axe Maniac, a legendary HOBe of Trog (Depths:5)
  A juggernaut (Depths:4)
  9 ancient liches
  Sojobo (Vaults:2)
  Boris (Depths:3)
  Margery (Depths:3)
  Saint Roka (Vaults:5)
  Frederick (Vaults:2)
  Xtahua (Vaults:4)
  2 caustic shrikes
  6 curse toes
  A Killer Klown (Zot:5)
  6 golden dragons
  Nikola (Depths:3)
  4 profane servitors (Abyss:1)
  the Enchantress (Depths:3)
  33 bone dragons
  A mutant beast (WizLab)
  4 electric golems
  24 liches
  6 Hell Sentinels
  21 tentacled monstrosities
  6 hellephants
  3 deep elf blademasters
  9 Orb Guardians (Zot:5)
  24 acid blobs
  5 titans
  A deep elf master archer (Elf:3)
  6 quicksilver dragons
  9 Executioners
  7 sphinxes
  3 ancient champions
  5 thorn hunters
  19 death cobs
  13 storm dragons
  5 revenants
  Donald (Vaults:3)
  120 tentacled starspawn
  10 shadow dragons
  8 nagarajas
  12 azure jellies
  7 tengu reavers
  An azure jelly (shapeshifter) (Vaults:5)
  4 draconian monks
  5 daevas
  9 frost giants
  The ghost of Firebatgyro the Fighter, an adept DsAr of Hepliaklqana (Snake:4)
  13 fire giants
  15 vault wardens
  An orc warlord (Vaults:4)
  7 draconian knights
  Louise (Depths:5)
  5 iron dragons
  9 draconian scorchers
  16 ironheart preservers
  13 deep elf sorcerers
  3 draconian stormcallers
  5 ghost moths
  14 balrugs
  3 angels
  3 draconian shifters
  6 cacodemons
  6 war gargoyles
  A curse skull (Crypt:3)
  2 ghouls
  4 reapers
  12 deep elf elementalists
  4 spriggan defenders
  4 draconian annihilators
  48 stone giants
  The ghost of CowPatty the Severer, a journeyman HOFi of Okawaru (Lair:3)
  2 entropy weavers (Vaults:5)
  The ghost of Mixedsea the Severer, a journeyman MiFi of Trog (Lair:6)
  8 vampire knights
  74 very ugly things
  10 lorocyprocas
  16 green draconians
  7 black draconians
  318 starcursed masses
  8 red draconians
  10 purple draconians
  13 deep elf annihilators
  9 deep elf demonologists
  A dire elephant (Abyss:1)
  14 spark wasps
  11 yellow draconians
  10 white draconians
  2 pale draconians (Depths:5)
  6 green deaths
  11 fire dragons
  20 ettins
  9 blizzard demons
  10 death oozes (Slime:5)
  4 quicksilver dragon zombies
  4 crystal guardians (Depths:3)
  A merfolk impaler (Abyss:3)
  7 deep elf death magi
  6 eidola
  12 yaktaur captains
  25 great orbs of eyes
  6 deep elf high priests
  8 jiangshi
  A great orb of eyes (shapeshifter) (Depths:3)
  An ice dragon (shapeshifter) (WizLab)
  27 vault guards
  24 naga warriors
  6 spriggan air magi
  20 rakshasas
  A hell beast (Depths:4)
  13 ice dragons
  2 quicksilver dragon skeletons
  21 hydras
  14 ogre magi
  An anaconda (shapeshifter) (Vaults:5)
  Erica (D:9)
  4 ghost crabs
  9 anacondas
  31 two-headed ogres
  2 two-headed ogres (shapeshifter)
  11 centaur warriors
  7 alligators
  34 dancing weapons
  6 death knights
  6 tengu warriors
  A shock serpent (shapeshifter) (Vaults:2)
  11 deep troll shamans
  8 vampire magi
  16 hell hogs
  8 orc high priests
  10 deep troll earth magi
  9 naga sharpshooters
  89 thrashing horrors
  6 shock serpents
  18 hell knights
  2 titan zombies
  The ghost of Hobbes the Thaumaturge, a novice DrIE of Vehumet (D:10)
  2 spriggan berserkers
  2 titan skeletons
  31 deep elf knights
  Sonja (D:13)
  79 wretched stars
  15 sun demons
  7 shadow wraiths
  3 storm dragon skeletons
  3 soul eaters
  An iron golem (WizLab)
  9 iron trolls
  3 ghost moth zombies
  23 sixfirhies
  27 spatial maelstroms
  2 golden dragon zombies
  2 salamander mystics
  33 skeletal warriors
  An anaconda zombie (Crypt:3)
  11 flayed ghosts
  A death drake (shapeshifter) (Vaults:5)
  6 naga ritualists
  2 death drakes (Abyss:1)
  A shadow demon (Abyss:1)
  36 deep trolls
  3 shambling mangroves
  19 unseen horrors
  26 deep elf archers
  30 orc knights
  An obsidian statue (Depths:4)
  17 glowing orange brains
  A lindwurm (Lair:6)
  2 harpies (shapeshifter)
  6 wizards
  12 swamp dragons
  14 ironbrand convokers
  4 shadow dragon zombies
  2 golden dragon skeletons (Abyss:1)
  2 iron dragon zombies
  292 large abominations
  2 lindwurms (shapeshifter)
  13 phantasmal warriors
  4 wolf spider zombies
  70 deep elf magi
  13 necromancers
  A sphinx zombie (Depths:3)
  2 stone giant zombies
  78 ugly things
  2 manticores (shapeshifter)
  11 mana vipers
  A faun (shapeshifter) (D:13)
  2 shining eyes (shapeshifter)
  A shadow dragon skeleton (Abyss:1)
  40 cyclopes
  3 manticores
  A salamander (shapeshifter) (WizLab)
  An anaconda skeleton (Abyss:1)
  2 fire giant zombies (Abyss:1)
  A moth of wrath (shapeshifter) (Abyss:1)
  2 frost giant zombies
  An iron dragon skeleton (Abyss:3)
  12 salamanders
  10 shining eyes
  A stone giant skeleton (Abyss:2)
  38 worldbinders
  10 orc sorcerers
  A cyclops (shapeshifter) (D:15)
  13 apocalypse crabs
  6 rust devils
  2 frost giant skeletons
  An elephant (shapeshifter) (Vaults:2)
  29 moths of wrath
  43 black mambas
  A titan simulacrum (Abyss:1)
  2 guardian serpents (shapeshifter) (WizLab)
  7 guardian serpents
  16 vault sentinels
  3 elephants (Lair:2)
  3 fire giant skeletons
  18 naga magi
  79 smoke demons
  6 gargoyles
  A shock serpent zombie (Abyss:1)
  5 eyes of devastation
  3 water nymphs (shapeshifter)
  A spiny frog (shapeshifter) (WizLab)
  19 spiny frogs
  31 orange demons
  6 torpor snails
  2 storm dragon simulacra
  11 hellions
  A dire elephant skeleton (Abyss:2)
  A spriggan skeleton (Depths:3)
  52 yaktaurs
  3 rime drakes
  17 efreet
  2 yellow draconian zombies (Crypt:2)
  32 freezing wraiths
  6 kobold demonologists
  An emperor scorpion zombie (Crypt:2)
  An anaconda simulacrum (Abyss:3)
  7 komodo dragons
  A komodo dragon (shapeshifter) (WizLab)
  A yaktaur (shapeshifter) (WizLab)
  8 demonic crawlers
  224 small abominations
  30 hellwings
  A ghost moth simulacrum (Abyss:2)
  4 ice devils
  5 tormentors
  24 red devils
  7 tengu conjurers
  2 yaktaur skeletons
  A queen bee (shapeshifter) (WizLab)
  3 trolls (shapeshifter)
  A purple draconian skeleton (Crypt:1)
  A queen bee (D:9)
  4 meliai (shapeshifter)
  A tyrant leech (shapeshifter) (Depths:3)
  A silent spectre (Abyss:1)
  2 hornets (shapeshifter)
  93 ancient zymes
  2 wind drakes (shapeshifter)
  14 trolls
  15 tyrant leeches
  11 polar bears
  3 hydra zombies
  27 hornets
  103 slime creatures
  A wolf spider simulacrum (Abyss:3)
  A catoblepas skeleton (Crypt:1)
  9 bog bodies
  A frost giant simulacrum (Depths:3)
  A raiju (shapeshifter) (D:13)
  4 hydra skeletons
  4 blink frogs (shapeshifter)
  11 hippogriffs
  198 raiju
  27 blink frogs
  An ettin zombie (Abyss:3)
  A harpy skeleton (Abyss:1)
  A snapping turtle (shapeshifter) (Elf:2)
  11 dream sheep (Lair:6)
  2 fire dragon zombies
  2 stone giant simulacra
  An alligator skeleton (Crypt:2)
  A moth of wrath zombie (Crypt:1)
  A fire giant simulacrum (Abyss:1)
  2 hippogriffs (shapeshifter)
  10 shadows
  6 air elementals
  A shock serpent simulacrum (Abyss:1)
  An elf simulacrum (Vaults:5)
  39 flying skulls
  3 ice dragon skeletons
  14 vampires
  28 yaks
  4 ettin skeletons
  A fire dragon skeleton (Abyss:1)
  24 wraiths
  2 redbacks (Vaults:5)
  12 spriggans
  A tarantella (Vaults:5)
  2 spriggans (shapeshifter)
  6 fire elementals
  2 wyverns
  2 hogs (shapeshifter)
  4 hogs (D:7)
  9 basilisks
  5 water elementals
  The ghost of CowPatty the Cudgeler, an amateur MiAK of Lugonu (D:3)
  A basilisk (shapeshifter) (WizLab)
  27 fire bats
  A fire bat (shapeshifter) (WizLab)
  75 ynoxinuls
  A golden eye (shapeshifter) (Vaults:5)
  A human (shapeshifter) (WizLab)
  9 vampire mosquitoes
  A black mamba skeleton (Crypt:3)
  6 steam dragons
  12 golden eyes
  2 humans
  46 chaos spawn
  51 spatial vortices
  47 neqoxecs
  11 hungry ghosts
  2 swamp worms (shapeshifter)
  68 nagas
  4 wargs
  5 acid dragons
  16 insubstantial wisps
  29 swamp worms
  2 floating eyes (shapeshifter)
  2 soldier ants (shapeshifter)
  A water moccasin (shapeshifter) (Abyss:2)
  A monstrous demonspawn skeleton (Crypt:2)
  A spiny frog zombie (Crypt:2)
  18 hell hounds
  19 water moccasins
  An infernal demonspawn skeleton (Crypt:1)
  6 porcupines
  A soldier ant (D:13)
  13 swamp drakes
  6 floating eyes
  A faun skeleton (Crypt:1)
  45 orc warriors
  11 ice beasts
  A sky beast (shapeshifter) (WizLab)
  3 spiny frog skeletons
  10 sky beasts
  15 black bears
  An ice dragon simulacrum (Abyss:1)
  45 ogres
  4 necrophages
  2 snapping turtle zombies (Abyss:1)
  10 boggarts
  17 eyes of draining
  3 snapping turtle skeletons
  24 centaurs
  An elf skeleton (Vaults:4)
  2 manticore skeletons
  A torpor snail zombie (Crypt:2)
  A crocodile (shapeshifter) (WizLab)
  7 crocodiles
  2 swamp dragon skeletons
  13 big kobolds
  An octopode zombie (Crypt:2)
  A komodo dragon zombie (Crypt:2)
  2 gnoll sergeants
  16 bullfrogs
  8 earth elementals
  2 human skeletons
  A wyvern skeleton (D:13)
  An infernal demonspawn simulacrum (Abyss:1)
  A troll zombie (Crypt:2)
  3 scorpions
  41 killer bees
  A polar bear skeleton (Crypt:1)
  An electric eel (Lair:3)
  41 wights
  2 howler monkeys
  A lava snake (Lair:2)
  2 bullfrog zombies (D:6)
  8 centaur zombies
  2 human simulacra (Vaults:2)
  17 crimson imps
  41 quasits
  12 jellies
  6 centaur skeletons
  Crazy Yiuf (D:3)
  2 bullfrog skeletons
  32 orc priests
  11 hounds
  A hound (shapeshifter) (Depths:4)
  47 iron imps
  25 orc wizards
  Terence (D:3)
  3 iguanas
  6 lightning spires (Abyss:3)
  5 worker ants
  A big kobold skeleton (Crypt:1)
  A hound zombie (Crypt:2)
  A hound skeleton (D:7)
  2 worker ant zombies
  2 howler monkey skeletons
  16 gnolls
  An adder (shapeshifter) (Depths:4)
  16 adders
  12 shadow imps
  40 white imps
  42 ufetubi
  3 dart slugs
  8 leopard geckos
  136 orcs
  6 giant cockroaches
  4 goblins
  7 hobgoblins
  12 jackals
  19 kobolds
  8 quokkas
  11 bats
  4 frilled lizards
  2 leopard gecko skeletons
  A leopard gecko zombie (D:7)
  An orc skeleton (Abyss:1)
  A quokka skeleton (D:4)
  6 rats
  8 briar patches (Swamp:4)
  3 demonic plants (Abyss:1)
  9 fungi
  10 lurking horrors
  12 plants
  122 starspawn tentacles
  2 withered plants (Crypt:3)
5793 creatures vanquished.

Vanquished Creatures (collateral kills)
  the Royal Jelly (Slime:5)
  A juggernaut (Depths:2)
  Bai Suzhen (Vaults:2)
  2 acid blobs (Slime:5)
  2 azure jellies (Slime:5)
  Roxanne (Snake:3)
  The ghost of CowPatty the Impaler, a journeyman MfGl of Yredelemnul (Lair:6)
  5 death oozes (Slime:5)
  A centaur warrior (Vaults:2)
  The ghost of Hrodulf the Basher, a novice GrMo of Qazlal (Lair:1)
  A salamander (Snake:3)
  A spiny frog (Lair:3)
  A yaktaur (Vaults:2)
  A hornet (Vaults:2)
  A hippogriff (Lair:6)
  4 blink frogs (Lair:3)
  3 orc warriors (Orc:2)
  A crocodile (Lair:3)
  An orc priest (Orc:2)
  A gnoll (Orc:2)
  5 orcs (Orc:2)
36 creatures vanquished.

Vanquished Creatures (others)
  A fire giant (Depths:1)
  A frost giant (Depths:3)
  An iron dragon (Depths:3)
  A draconian shifter (Zot:3)
  A spriggan defender (Depths:3)
  A stone giant (Vaults:3)
  A very ugly thing (Vaults:5)
  A vampire knight (Depths:3)
  2 hell hogs (Abyss:1)
  A hell knight (Depths:3)
  A deep elf archer (Elf:3)
  A spriggan druid (Swamp:3)
  An unseen horror (Abyss:5)
  A worldbinder (Abyss:1)
  A hornet (Depths:3)
  3 raiju (Abyss:5)
  2 spriggans (Depths:3)
  A neqoxec (Abyss:3)
  A chaos spawn (Abyss:3)
  2 large abominations (Abyss:3)
  A swamp worm (Swamp:4)
  A hell hound (Depths:1)
  3 small abominations
  A white imp (Abyss:1)
  A kobold (D:15)
  5 briar patches (Swamp:4)
  2 bushes
  A butterfly (Lair:3)
  8 fungi
  5 lurking horrors (Abyss:1)
  33 plants
  190 starspawn tentacles
  10 withered plants (Crypt:3)
286 creatures vanquished.

Grand Total: 6115 creatures vanquished

Notes
Turn   | Place    | Note
-------+----------+-------------------------------------------
     0 | D:1      | Thrax the Gargoyle Berserker began the quest for the Orb.
     0 | D:1      | Reached XP level 1. HP: 14/14 MP: 1/1
   152 | D:1      | Reached XP level 2. HP: 15/19 MP: 2/2
   683 | D:1      | Reached XP level 3. HP: 21/23 MP: 3/3
   916 | D:2      | Reached ** piety under Trog
  1540 | D:3      | Noticed Terence
  1552 | D:3      | Killed Terence
  1552 | D:3      | Reached XP level 4. HP: 20/29 MP: 4/4
  1581 | D:3      | Found a runed door.
  1586 | D:3      | Noticed Crazy Yiuf
  1595 | D:3      | Killed Crazy Yiuf
  1678 | D:3      | Reached XP level 5. HP: 28/33 MP: 5/5
  1803 | D:3      | Noticed CowPatty's ghost (amateur MiAK)
  2053 | D:4      | Reached XP level 6. HP: 39/39 MP: 6/6
  2054 | D:4      | Found a staircase to the Ecumenical Temple.
  2198 | D:4      | Found Zir Zybiz's Antique Armour Shop.
  2293 | D:4      | Found a blossoming altar of Fedhas.
  2481 | D:3      | Reached skill level 5 in Axes
  2578 | D:3      | Reached XP level 7. HP: 42/44 MP: 7/7
  2767 | D:3      | Killed CowPatty's ghost
  2767 | D:3      | Reached skill level 5 in Fighting
  2933 | D:3      | Found a bloodstained altar of Trog.
  2949 | D:3      | Reached *** piety under Trog
  3174 | D:5      | Entered Level 5 of the Dungeon
  3622 | D:6      | Reached XP level 8. HP: 21/50 MP: 8/8
  3808 | D:6      | Noticed a water elemental
  3809 | D:6      | Found a stormy altar of Qazlal.
  3810 | D:6      | Noticed an air elemental
  4415 | D:7      | Noticed a hippogriff
  4427 | D:7      | Killed a hippogriff
  4530 | D:7      | Reached XP level 9. HP: 53/55 MP: 9/9
  4535 | D:7      | Reached **** piety under Trog
  4752 | D:7      | Reached skill level 5 in Armour
  4836 | D:7      | Got an ancient ring mail
  4839 | D:7      | Identified the +6 ring mail of Autumn {rC+} (You found it on level 7 of the Dungeon)
  5015 | D:8      | Found a staircase to the Lair.
  5016 | D:8      | Noticed a komodo dragon
  5047 | D:8      | Killed a komodo dragon
  5135 | D:8      | Reached skill level 10 in Axes
  5220 | D:8      | Reached XP level 10. HP: 52/63 MP: 10/10
  5602 | D:8      | Found an opulent altar of Gozag.
  5608 | D:8      | Found a sparkling altar of Nemelex Xobeh.
  5826 | D:9      | Noticed Erica
  5842 | D:9      | Killed Erica
  5954 | D:9      | Reached skill level 1 in Shields
  6007 | D:9      | Found a roughly hewn altar of Beogh.
  6318 | D:9      | Reached ***** piety under Trog
  6353 | D:9      | Gained mutation: You are clumsy. (Dex -2) [mutagenic meat]
  6355 | D:9      | Gained mutation: You occasionally shout uncontrollably at your foes. [mutagenic meat]
  6356 | D:9      | Gained mutation: You are frail. (-10% HP) [mutagenic meat]
  6357 | D:9      | Gained mutation: You have a pair of small horns on your head. [mutagenic meat]
  6358 | D:9      | Gained mutation: You are very frail. (-20% HP) [mutagenic meat]
  6401 | D:9      | Noticed a manticore
  6411 | D:9      | Killed a manticore
  6444 | D:9      | Found a staircase to the Orcish Mines.
  6625 | D:9      | Reached XP level 11. HP: 49/54 MP: 11/11
  6912 | D:9      | Found a burning altar of Makhleb.
  6912 | D:9      | Noticed a balrug
  7043 | D:10     | Entered Level 10 of the Dungeon
  7043 | D:10     | Noticed Hobbes's ghost (novice DrIE)
  7070 | D:10     | Killed Hobbes's ghost
  7070 | D:10     | Received a gift from Trog
  7182 | D:10     | Killed an unseen horror
  7402 | D:10     | Found Betasis's Antique Weapon Boutique.
  7423 | D:10     | Bought a pitted battleaxe for 379 gold pieces
  7423 | D:10     | Identified the +1 battleaxe of the Warrior {freeze, rC+++ Dex-4 SInv} (You bought it in a shop on level 10 of the Dungeon)
  7575 | Orc:1    | Entered Level 1 of the Orcish Mines
  7718 | Orc:1    | Noticed an orc sorcerer
  7724 | Orc:1    | Killed an orc sorcerer
  7724 | Orc:1    | Reached skill level 1 in Crossbows
  7768 | Orc:1    | Found Fogoliema's Antique Armour Shop.
  7792 | Orc:1    | Bought a pair of crude boots for 323 gold pieces
  7797 | Orc:1    | Identified the +0 pair of boots of Chimes {Regen+ Dex-5 SInv} (You bought it in a shop on level 1 of the Orcish Mines)
  8167 | Orc:2    | Entered Level 2 of the Orcish Mines
  8291 | Orc:2    | Found a staircase to the Elven Halls.
  8358 | Orc:2    | Found a roughly hewn altar of Beogh.
  8558 | Orc:2    | Noticed an orc knight
  8858 | Lair:1   | Entered Level 1 of the Lair of Beasts
  8899 | Lair:1   | Got a pair of pitted boots
  8910 | Lair:1   | Identified the +0 pair of boots "Wiomp" {Regen+} (You found it on level 1 of the Lair of Beasts)
  8924 | Lair:1   | Noticed Hrodulf's ghost (novice GrMo)
  8977 | Lair:1   | Killed Hrodulf's ghost
  8977 | Lair:1   | Reached skill level 5 in Dodging
  9835 | Lair:1   | Reached XP level 12. HP: 60/60 MP: 12/12
 10016 | Lair:2   | Found a staircase to the Snake Pit.
 10263 | Lair:2   | Reached skill level 5 in Crossbows
 10330 | Lair:2   | Received a gift from Trog
 10426 | Lair:2   | Noticed a five-headed hydra
 10450 | Lair:2   | Killed a one-headed hydra
 10569 | Lair:2   | Reached skill level 1 in Long Blades
 10570 | Lair:2   | Reached skill level 5 in Shields
 10897 | Lair:3   | Noticed CowPatty's ghost (journeyman HOFi)
 10914 | Lair:3   | Killed CowPatty's ghost
 10914 | Lair:3   | Reached skill level 10 in Fighting
 11131 | Lair:3   | Found a staircase to the Swamp.
 11167 | Swamp:1  | Entered Level 1 of the Swamp
 11278 | Lair:3   | Reached XP level 13. HP: 52/65 MP: 13/13
 12176 | Lair:5   | Found a viscous altar of Jiyva.
 12176 | Lair:5   | Found a staircase to the Slime Pits.
 12883 | Lair:6   | Entered Level 6 of the Lair of Beasts
 12935 | Lair:6   | Noticed CowPatty's ghost (journeyman MfGl)
 13283 | Lair:6   | Received a gift from Trog
 13312 | Lair:6   | Killed CowPatty's ghost
 13658 | Lair:6   | Found a runed door.
 13730 | Lair:6   | Noticed Mixedsea's ghost (journeyman MiFi)
 13771 | Lair:6   | Killed Mixedsea's ghost
 13775 | Lair:6   | Reached skill level 15 in Axes
 14369 | Orc:2    | Gained mutation: Your large and strong wings let you fly indefinitely. [Gargoyle growth]
 14369 | Orc:2    | Reached XP level 14. HP: 68/72 MP: 14/14
 14527 | Orc:2    | Received a gift from Trog
 14762 | Orc:2    | Found Zonedw Qecs's Jewellery Shop.
 14762 | Orc:2    | Found Hunt's Assorted Antiques.
 14764 | Orc:2    | Found Gutefea's Weapon Shop.
 14764 | Orc:2    | Found Juuttaun's General Store.
 14969 | D:9      | Lost mutation: You are clumsy. (Dex -2) [potion of mutation]
 14969 | D:9      | Lost mutation: You occasionally shout uncontrollably at your foes. [potion of mutation]
 14969 | D:9      | Lost mutation: You are very frail. (-20% HP) [potion of mutation]
 14969 | D:9      | Lost mutation: You are frail. (-10% HP) [potion of mutation]
 14969 | D:9      | Gained mutation: Potions are less effective at restoring your health. [potion of mutation]
 14969 | D:9      | Gained mutation: You are robust. (+10% HP) [potion of mutation]
 14969 | D:9      | Gained mutation: You are partially covered in rugged brown scales. (AC +1, +3% HP) [potion of mutation]
 14969 | D:9      | Gained mutation: You are very robust. (+20% HP) [potion of mutation]
 15966 | Snake:1  | Entered Level 1 of the Snake Pit
 17446 | Lair:3   | Received a gift from Trog
 17480 | Swamp:1  | Got a slimy scale mail
 17491 | Swamp:1  | Identified the +4 scale mail of the Invisible Dreams {rPois Int+4 Slay+3} (You found it on level 1 of the Swamp)
 17900 | Swamp:1  | Reached XP level 15. HP: 119/119 MP: 15/15
 19237 | Swamp:3  | Received a gift from Trog
 19564 | Swamp:3  | Received a gift from Trog
 19749 | Swamp:3  | Noticed a thorn hunter
 19767 | Swamp:3  | Killed a thorn hunter
 20159 | Swamp:4  | Entered Level 4 of the Swamp
 20242 | Swamp:4  | Noticed a thorn hunter
 20455 | Swamp:4  | Noticed a thorn hunter
 20471 | Swamp:4  | Killed a thorn hunter
 20486 | Swamp:4  | Killed a thorn hunter
 20859 | Swamp:4  | Reached XP level 16. HP: 127/127 MP: 16/16
 20916 | Swamp:3  | Reached skill level 10 in Shields
 21083 | Swamp:4  | Noticed a thorn hunter
 21096 | Swamp:4  | Killed a thorn hunter
 21327 | Swamp:3  | Received a gift from Trog
 21481 | Swamp:4  | Noticed a thorn hunter
 21502 | Swamp:4  | Killed a thorn hunter
 21632 | Swamp:4  | Got a decaying rune of Zot
 22319 | Snake:2  | Reached skill level 10 in Armour
 22343 | Snake:2  | Found Meloekk's Weapon Emporium.
 22383 | Snake:2  | Noticed a nagaraja
 22432 | Snake:2  | Killed a nagaraja
 23402 | Snake:3  | Found Ocivet's Assorted Antiques.
 23630 | Snake:3  | Received a gift from Trog
 23630 | Snake:3  | Reached XP level 17. HP: 137/137 MP: 17/17
 23706 | Snake:3  | Noticed Roxanne
 23797 | Snake:3  | Killed Roxanne
 23805 | Snake:3  | Identified Roxanne's Guide on Stones (You took it off Roxanne on level 3 of the Snake Pit)
 24103 | Snake:4  | Entered Level 4 of the Snake Pit
 24103 | Snake:4  | Found a snail-covered altar of Cheibriados.
 24157 | Snake:4  | Noticed Firebatgyro's ghost (adept DsAr)
 24181 | Snake:4  | Killed Firebatgyro's ghost
 24361 | Snake:4  | Reached skill level 15 in Fighting
 24659 | Snake:4  | Received a gift from Trog
 25117 | Snake:4  | Received a gift from Trog
 25226 | Snake:4  | Reached ****** piety under Trog
 25240 | Snake:4  | Received a gift from Trog
 25587 | Snake:4  | Received a gift from Trog
 25667 | Snake:4  | Got a serpentine rune of Zot
 25866 | Snake:4  | Reached XP level 18. HP: 147/147 MP: 18/18
 26466 | Elf:1    | Entered Level 1 of the Elven Halls
 26470 | Elf:1    | Found Ciaqarodd's Assorted Antiques.
 26549 | Elf:1    | Received a gift from Trog
 26822 | D:4      | Bought a runed plate armour for 832 gold pieces
 26822 | D:4      | Bought a shiny chain mail for 240 gold pieces
 27080 | Elf:1    | Received a gift from Trog
 27929 | Elf:2    | Found a runed gate.
 27929 | Elf:2    | Found a runed gate.
 27945 | Elf:2    | Received a gift from Trog
 27985 | Elf:2    | HP: 3/151 [deep elf mage/bolt of lightning (10)]
 28359 | Elf:2    | Received a gift from Trog
 28370 | Elf:2    | Found a runed gate.
 28603 | Elf:2    | Noticed a deep elf blademaster
 28638 | Elf:2    | Killed a deep elf blademaster
 30131 | D:12     | Found a flickering gateway to a bazaar.
 30151 | Bazaar   | Entered a bazaar
 30155 | Bazaar   | Found Hucapluxe's Jewellery Boutique.
 30173 | Bazaar   | Found Hutymer's Antique Armour Emporium.
 30190 | Bazaar   | Found Ypnipt's Food Boutique.
 30207 | Bazaar   | Found Gasmiss's Antique Weapon Shoppe.
 30260 | Bazaar   | Bought the amulet "Xovu" {Fragile rC+ Regen+ Dex+3 Stlth+} for 760 gold pieces
 30295 | Bazaar   | Bought 4 fruits for 42 gold pieces
 30295 | Bazaar   | Bought a bread ration for 35 gold pieces
 30295 | Bazaar   | Bought a bread ration for 35 gold pieces
 30295 | Bazaar   | Bought a meat ration for 35 gold pieces
 30295 | Bazaar   | Bought a meat ration for 35 gold pieces
 30295 | Bazaar   | Bought 4 fruits for 42 gold pieces
 30295 | Bazaar   | Bought a bread ration for 35 gold pieces
 30295 | Bazaar   | Bought a meat ration for 35 gold pieces
 30295 | Bazaar   | Bought a royal jelly for 14 gold pieces
 30295 | Bazaar   | Bought 4 fruits for 42 gold pieces
 30516 | D:12     | Reached XP level 19. HP: 159/159 MP: 19/19
 30702 | D:12     | Reached skill level 15 in Shields
 30782 | D:12     | Received a gift from Trog
 31145 | D:12     | Reached skill level 10 in Dodging
 31504 | D:12     | Received a gift from Trog
 31559 | D:12     | Lost mutation: You have a pair of small horns on your head. [mutagenic meat]
 32244 | D:13     | Noticed Sonja
 32265 | D:13     | Killed Sonja
 32715 | D:13     | Found a gate to the Vaults.
 33885 | D:15     | Entered Level 15 of the Dungeon
 33934 | D:15     | Received a gift from Trog
 34082 | D:15     | Found a staircase to the Depths.
 34239 | D:15     | Found Veyn Vie's Distillery.
 34349 | D:15     | Found a white marble altar of Elyvilon.
 34579 | Vaults:1 | Entered Level 1 of the Vaults
 35165 | Vaults:1 | Received a gift from Trog
 35386 | Vaults:1 | Reached XP level 20. HP: 172/172 MP: 20/20
 36394 | Vaults:2 | Found Eguudiq's Food Shoppe.
 36398 | Vaults:2 | Bought 4 fruits for 78 gold pieces
 36398 | Vaults:2 | Bought a bread ration for 65 gold pieces
 36398 | Vaults:2 | Bought a fruit for 19 gold pieces
 36398 | Vaults:2 | Bought a royal jelly for 26 gold pieces
 36398 | Vaults:2 | Bought a fruit for 19 gold pieces
 36398 | Vaults:2 | Bought a fruit for 19 gold pieces
 36398 | Vaults:2 | Bought a royal jelly for 26 gold pieces
 36535 | Vaults:2 | Noticed Sojobo
 36574 | Vaults:2 | Killed Sojobo
 36619 | Vaults:2 | Noticed Frederick
 36666 | Vaults:2 | Killed Frederick
 36750 | Vaults:2 | Found a staircase to the Crypt.
 36750 | Vaults:2 | Found a basalt altar of Yredelemnul.
 36751 | Vaults:2 | Found an ancient bone altar of Kikubaaqudgha.
 36984 | Vaults:2 | Found a roughly hewn altar of Beogh.
 37031 | Vaults:2 | Received a gift from Trog
 37792 | D:10     | Bought a jewelled triple crossbow for 495 gold pieces
 37798 | D:10     | Identified the cursed +2 triple crossbow "Netiyh" {flame, Int+6 Stlth-} (You bought it in a shop on level 10 of the Dungeon)
 38423 | Vaults:2 | Noticed Bai Suzhen
 38473 | Vaults:2 | Killed Bai Suzhen
 38836 | Vaults:3 | Reached skill level 1 in Stealth
 39006 | Vaults:3 | Received a gift from Trog
 39027 | Vaults:3 | Found a shimmering altar of Xom.
 39138 | Vaults:3 | Noticed Donald
 39159 | Vaults:3 | Received a gift from Trog
 39164 | Vaults:3 | Killed Donald
 39164 | Vaults:3 | Reached XP level 21. HP: 138/184 MP: 21/21
 39859 | Vaults:3 | Received a gift from Trog
 40795 | Vaults:4 | Received a gift from Trog
 40837 | Vaults:4 | Found a roughly hewn altar of Beogh.
 41032 | Vaults:4 | Noticed Xtahua
 41743 | Vaults:4 | Killed Xtahua
 41743 | Vaults:4 | Reached XP level 22. HP: 186/198 MP: 22/22
 42195 | Elf:3    | Entered Level 3 of the Elven Halls
 42224 | Elf:3    | Received a gift from Trog
 43222 | Elf:3    | Received a gift from Trog
 43891 | Elf:3    | Received a gift from Trog
 44261 | Elf:3    | Got a transparent helmet
 44267 | Elf:3    | Identified the +4 helmet "Loegueg" {rElec rPois} (You found it on level 3 of the Elven Halls)
 44667 | Depths:1 | Entered Level 1 of the Depths
 44667 | Depths:1 | Found a snail-covered altar of Cheibriados.
 44687 | Depths:1 | Found a one-way gate to the infinite horrors of the Abyss.
 44708 | Depths:1 | Found a magical portal.
 44719 | WizLab   | Entered Cigotuvi's Fleshworks
 44882 | WizLab   | Reached skill level 5 in Stealth
 45249 | WizLab   | Received a gift from Trog
 45378 | WizLab   | Got a crude jade ring
 45380 | WizLab   | Identified the ring "Tocira Cufa" {*Tele rN+ Dex+4 Stlth-} (You found it in a wizard's laboratory)
 45397 | WizLab   | Paralysed by a floating eye for 3 turns
 45399 | WizLab   | Gained mutation: Armour fits poorly on your strangely shaped body. [a shining eye]
 45400 | WizLab   | Gained mutation: You are weak. (Str -2) [a shining eye]
 45407 | WizLab   | Paralysed by a floating eye for 2 turns
 45472 | WizLab   | Identified Cigotuvi's Catalogue of Darkness
 46001 | Depths:1 | Reached skill level 1 in Evocations
 46010 | Depths:1 | Reached XP level 23. HP: 209/209 MP: 23/23
 46055 | Depths:1 | You are sucked into a shaft!
 46164 | Depths:2 | Received a gift from Trog
 46565 | Depths:2 | Found a gateway to a ziggurat.
 46878 | Depths:2 | Noticed a golden dragon
 46893 | Depths:2 | Killed a golden dragon
 47139 | Depths:2 | Found a gateway to Hell.
 47364 | Depths:1 | Received a gift from Trog
 47576 | Depths:1 | Received a gift from Trog
 48343 | Depths:3 | Noticed Margery
 48559 | Depths:3 | Found Seraphal's Distillery.
 48587 | Depths:3 | Noticed Boris
 48588 | Depths:3 | Noticed a juggernaut
 48658 | Depths:2 | Killed a juggernaut
 49236 | Slime:1  | Entered Level 1 of the Pits of Slime
 50033 | Slime:2  | Gained mutation: Your body sometimes deteriorates upon taking damage. [a shining eye]
 50214 | Slime:2  | Received a gift from Trog
 50236 | Slime:2  | Reached XP level 24. HP: 167/221 MP: 24/24
 50240 | Slime:2  | Lost mutation: You are very robust. (+20% HP) [a shining eye]
 50265 | Slime:2  | Lost mutation: You are weak. (Str -2) [potion of mutation]
 50265 | Slime:2  | Lost mutation: Your body sometimes deteriorates upon taking damage. [potion of mutation]
 50265 | Slime:2  | Lost mutation: Armour fits poorly on your strangely shaped body. [potion of mutation]
 50265 | Slime:2  | Lost mutation: Potions are less effective at restoring your health. [potion of mutation]
 50265 | Slime:2  | Gained mutation: Armour fits poorly on your strangely shaped body. [potion of mutation]
 50265 | Slime:2  | Gained mutation: You have sharp fingernails. [potion of mutation]
 50555 | Slime:2  | Received a gift from Trog
 51080 | Slime:5  | Entered Level 5 of the Pits of Slime
 51422 | Slime:5  | Noticed the Royal Jelly
 51449 | Slime:5  | Found a viscous altar of Jiyva.
 51688 | Slime:5  | Gained mutation: You expend magic power (3 MP) to strengthen your wands. [a shining eye]
 51689 | Slime:5  | Gained mutation: Scrolls take you a little longer to read. [a shining eye]
 51691 | Slime:5  | Lost mutation: You expend magic power (3 MP) to strengthen your wands. [potion of mutation]
 51691 | Slime:5  | Lost mutation: Scrolls take you a little longer to read. [potion of mutation]
 51691 | Slime:5  | Lost mutation: Armour fits poorly on your strangely shaped body. [potion of mutation]
 51691 | Slime:5  | Lost mutation: You have sharp fingernails. [potion of mutation]
 51691 | Slime:5  | Gained mutation: Scrolls take you a little longer to read. [potion of mutation]
 51691 | Slime:5  | Gained mutation: Your spells are a little easier to cast, but a little less powerful. [potion of mutation]
 51691 | Slime:5  | Gained mutation: You are agile. (Dex +2) [potion of mutation]
 52138 | Slime:5  | Killed the Royal Jelly
 52239 | Slime:5  | Identified the Grimoire of Aid and Execration
 52294 | Slime:5  | Got a slimy rune of Zot
 52350 | Slime:5  | Got a fine lapis lazuli ring
 52351 | Slime:5  | Identified the ring of Saiz {*Corrode rF+ rC+ rN+ MR+} (You found it on level 5 of the Pits of Slime)
 52391 | Slime:5  | Got a crude helmet
 52402 | Slime:5  | Identified the +1 helmet of Repulsion {rN+ Dex+2 Stlth-} (You found it on level 5 of the Pits of Slime)
 52410 | Slime:5  | Got a coiled ruby amulet
 52413 | Slime:5  | Identified the amulet of Vuaxt {Harm -Tele *Drain +Inv rElec Dex+4} (You found it on level 5 of the Pits of Slime)
 52426 | Slime:5  | Got a smoking scale mail
 52429 | Slime:5  | Identified the cursed +1 scale mail of Enuworun {+Fly rF+ MR+++ Dex-5} (You found it on level 5 of the Pits of Slime)
 52433 | Slime:5  | Got a crude dagger
 52436 | Slime:5  | Identified the +12 dagger "Merhurimuch" {flame, rF+ rC+} (You found it on level 5 of the Pits of Slime)
 52894 | Vaults:4 | Identified a scroll of acquirement
 52915 | Vaults:4 | Lost mutation: Your spells are a little easier to cast, but a little less powerful. [potion of mutation]
 52915 | Vaults:4 | Lost mutation: You are agile. (Dex +2) [potion of mutation]
 52915 | Vaults:4 | Lost mutation: Scrolls take you a little longer to read. [potion of mutation]
 52915 | Vaults:4 | Gained mutation: You evolve. [potion of mutation]
 52915 | Vaults:4 | Gained mutation: You tend to lose your temper in combat. [potion of mutation]
 52915 | Vaults:4 | Gained mutation: You can translocate small distances at will. [potion of mutation]
 52921 | Vaults:4 | Lost mutation: You are robust. (+10% HP) [potion of mutation]
 52921 | Vaults:4 | Lost mutation: You tend to lose your temper in combat. [potion of mutation]
 52921 | Vaults:4 | Lost mutation: You evolve. [potion of mutation]
 52921 | Vaults:4 | Gained mutation: You are dopey. (Int -2) [potion of mutation]
 52921 | Vaults:4 | Gained mutation: You are weak. (Str -2) [potion of mutation]
 52921 | Vaults:4 | Gained mutation: You have a pair of small horns on your head. [potion of mutation]
 52922 | Vaults:4 | Lost mutation: You are weak. (Str -2) [potion of mutation]
 52922 | Vaults:4 | Lost mutation: You are dopey. (Int -2) [potion of mutation]
 52922 | Vaults:4 | Lost mutation: You have a pair of small horns on your head. [potion of mutation]
 52922 | Vaults:4 | Lost mutation: You can translocate small distances at will. [potion of mutation]
 52922 | Vaults:4 | Gained mutation: You possess an exceptional clarity of mind. [potion of mutation]
 52922 | Vaults:4 | Gained mutation: You are agile. (Dex +2) [potion of mutation]
 52923 | Vaults:4 | Lost mutation: You are agile. (Dex +2) [potion of mutation]
 52923 | Vaults:4 | Lost mutation: You possess an exceptional clarity of mind. [potion of mutation]
 52923 | Vaults:4 | Gained mutation: You have sharp toenails. [potion of mutation]
 52923 | Vaults:4 | Gained mutation: Your mind is acute. (Int +2) [potion of mutation]
 52924 | Vaults:4 | Lost mutation: You have sharp toenails. [potion of mutation]
 52924 | Vaults:4 | Gained mutation: Armour fits poorly on your strangely shaped body. [potion of mutation]
 52924 | Vaults:4 | Gained mutation: You are agile. (Dex +2) [potion of mutation]
 52924 | Vaults:4 | Gained mutation: You have a pair of small antennae on your head. [potion of mutation]
 52925 | Vaults:4 | Lost mutation: You are partially covered in rugged brown scales. (AC +1, +3% HP) [potion of mutation]
 52925 | Vaults:4 | Lost mutation: You are agile. (Dex +2) [potion of mutation]
 52925 | Vaults:4 | Lost mutation: Armour fits poorly on your strangely shaped body. [potion of mutation]
 52925 | Vaults:4 | Lost mutation: You have a pair of small antennae on your head. [potion of mutation]
 52925 | Vaults:4 | Lost mutation: Your mind is acute. (Int +2) [potion of mutation]
 52925 | Vaults:4 | Gained mutation: You are partially covered in molten scales. (AC +2) [potion of mutation]
 52925 | Vaults:4 | Gained mutation: You are robust. (+10% HP) [potion of mutation]
 52925 | Vaults:4 | Gained mutation: You are covered in fur. (AC +1) [potion of mutation]
 52925 | Vaults:4 | Gained mutation: You are partially covered in icy blue scales. (AC +2) [potion of mutation]
 52931 | Vaults:4 | Lost mutation: You are partially covered in icy blue scales. (AC +2) [potion of mutation]
 52931 | Vaults:4 | Lost mutation: You are robust. (+10% HP) [potion of mutation]
 52931 | Vaults:4 | Gained mutation: Your mind is acute. (Int +2) [potion of mutation]
 52931 | Vaults:4 | Gained mutation: You are somewhat resistant to further mutation. [potion of mutation]
 52931 | Vaults:4 | Gained mutation: You are robust. (+10% HP) [potion of mutation]
 52936 | Vaults:5 | Entered Level 5 of the Vaults
 52955 | Vaults:5 | Reached skill level 27 in Fighting
 52970 | Vaults:5 | Reached skill level 10 in Crossbows
 52972 | Vaults:5 | Received a gift from Trog
 53229 | D:13     | Received a gift from Trog
 55324 | Vaults:5 | Noticed Saint Roka
 55363 | Vaults:5 | Killed Saint Roka
 55363 | Vaults:5 | Reached XP level 25. HP: 102/205 MP: 24/24
 55550 | Vaults:5 | Noticed an ancient lich
 55558 | Vaults:5 | Killed an ancient lich
 55596 | Vaults:5 | Reached skill level 10 in Stealth
 55667 | Vaults:5 | Got an uncursed twisted morningstar {crush}
 55669 | Vaults:5 | Got a crude battleaxe {chop}
 55670 | Vaults:5 | Identified the +5 morningstar of Daotuyha {crush, rPois Int+5} (You took it off a yaktaur captain on level 5 of the Vaults)
 55671 | Vaults:5 | Identified the +6 battleaxe of Drought {chop, *Rage +Rage rElec Str+2} (You took it off a deep elf demonologist on level 5 of the Vaults)
 55800 | Vaults:5 | Got a bloodstained halberd
 55801 | Vaults:5 | Identified the +3 halberd "Cischyte" {chop, +Blink rC- rN+ Str+4} (You found it on level 5 of the Vaults)
 55851 | Vaults:5 | Received a gift from Trog
 55929 | Vaults:5 | Reached skill level 15 in Dodging
 56178 | Vaults:5 | Got a silver rune of Zot
 56396 | Vaults:5 | Received a gift from Trog
 57260 | Temple   | Entered the Ecumenical Temple
 57507 | Temple   | Fell from the grace of Trog
 57507 | Temple   | Became a worshipper of the Shining One
 57782 | Depths:1 | Voluntarily entered the Abyss.
 57889 | Abyss:1  | Found an opulent altar of Gozag.
 58045 | Abyss:1  | Reached * piety under the Shining One
 58232 | Abyss:1  | Reached ** piety under the Shining One
 58658 | Abyss:1  | Reached *** piety under the Shining One
 58700 | Abyss:1  | Paralysed by Trog for 2 turns
 58724 | Abyss:1  | Found a corrupted altar of Lugonu.
 58997 | Abyss:1  | Found a corrupted altar of Lugonu.
 59157 | Abyss:1  | Reached **** piety under the Shining One
 59317 | Abyss:1  | Found a corrupted altar of Lugonu.
 59392 | Abyss:1  | Reached XP level 26. HP: 212/212 MP: 25/25
 59558 | Abyss:1  | Found a hide-covered altar of Uskayaw.
 59590 | Abyss:1  | Reached ***** piety under the Shining One
 60022 | Abyss:1  | Found a corrupted altar of Lugonu.
 60136 | Abyss:1  | Reached ****** piety under the Shining One
 60336 | Abyss:1  | Reached skill level 5 in Evocations
 60447 | Abyss:1  | Got a spiked cloak
 60448 | Abyss:1  | Identified the +0 cloak of Xacamm {Int+3} (You found it on level 1 of the Abyss)
 60570 | Depths:1 | Escaped the Abyss
 60613 | Depths:1 | Voluntarily entered the Abyss.
 60836 | Abyss:1  | Found a corrupted altar of Lugonu.
 60997 | Abyss:1  | Lost mutation: Your mind is acute. (Int +2) [a neqoxec]
 61046 | Abyss:1  | Paralysed by Trog for 4 turns
 62387 | Abyss:1  | Got a crude ring mail
 62387 | Abyss:1  | Paralysed by accursed screaming for 1 turns
 62558 | Abyss:1  | Found a shimmering altar of Xom.
 62558 | Abyss:1  | Found a shimmering altar of Xom.
 62558 | Abyss:1  | Found a shimmering altar of Xom.
 62558 | Abyss:1  | Found a shimmering altar of Xom.
 62558 | Abyss:1  | Found a shimmering altar of Xom.
 62558 | Abyss:1  | Found a shimmering altar of Xom.
 62558 | Abyss:1  | Found a shimmering altar of Xom.
 62558 | Abyss:1  | Found a shimmering altar of Xom.
 62558 | Abyss:1  | Found a shimmering altar of Xom.
 62558 | Abyss:1  | Found a corrupted altar of Lugonu.
 62558 | Abyss:1  | Found a shimmering altar of Xom.
 62558 | Abyss:1  | Found a shimmering altar of Xom.
 62558 | Abyss:1  | Found a shimmering altar of Xom.
 62558 | Abyss:1  | Found a shimmering altar of Xom.
 62559 | Abyss:1  | Found a shimmering altar of Xom.
 62560 | Abyss:1  | Found a shimmering altar of Xom.
 62575 | Abyss:1  | Found a shimmering altar of Xom.
 62576 | Abyss:1  | Found a shimmering altar of Xom.
 62587 | Abyss:1  | Identified the +3 ring mail of the Eight Boll Weevils {MR+ Dex+3} (You found it on level 1 of the Abyss)
 62791 | Abyss:1  | Reached skill level 15 in Armour
 62939 | Abyss:1  | Reached XP level 27. HP: 218/218 MP: 28/28
 63363 | Abyss:1  | Found a corrupted altar of Lugonu.
 64098 | Abyss:2  | HP: 4/218 [stone giant[the rage of Trog] (29)]
 64500 | Depths:1 | Escaped the Abyss
 64526 | Depths:1 | Voluntarily entered the Abyss.
 68345 | Abyss:3  | Gained mutation: You occasionally shout uncontrollably at your foes. [a neqoxec]
 68515 | Abyss:3  | Found an iron altar of Okawaru.
 68645 | Abyss:3  | Found an iron altar of Okawaru.
 68769 | Abyss:3  | Reached skill level 10 in Evocations
 68770 | Abyss:3  | Found an iron altar of Okawaru.
 69031 | Abyss:3  | Found a corrupted altar of Lugonu.
 69303 | Abyss:3  | Reached skill level 1 in Unarmed Combat
 69751 | Abyss:3  | Noticed an ancient lich
 69765 | Abyss:3  | Killed an ancient lich
 70112 | Abyss:3  | Got an abyssal rune of Zot
 70211 | Abyss:3  | Found a corrupted altar of Lugonu.
 70228 | Depths:1 | Escaped the Abyss
 70410 | Crypt:1  | Entered Level 1 of the Crypt
 71444 | Crypt:2  | Was forgiven by Trog
 71666 | Crypt:2  | Reached skill level 1 in Spellcasting
 71970 | Crypt:3  | Entered Level 3 of the Crypt
 72347 | Crypt:3  | Got a flickering granite ring
 72347 | Crypt:3  | Got a smoking bronze ring
 72347 | Crypt:3  | Got an ancient iron ring
 72348 | Crypt:3  | Identified the ring "Liwenifu" {*Contam rN+ MR+ Str+6} (You found it on level 3 of the Crypt)
 72570 | Crypt:3  | Identified the ring "Vaegaiw" {rN+ Int+2} (You found it on level 3 of the Crypt)
 72651 | Crypt:3  | Found a staircase to the Tomb.
 72656 | Crypt:3  | Identified Megev's Handbook of Lethal Talismans
 73060 | Crypt:3  | Found an ancient bone altar of Kikubaaqudgha.
 73073 | Crypt:3  | Reached skill level 5 in Spellcasting
 73082 | Crypt:3  | Noticed an ancient lich
 73094 | Crypt:3  | Killed an ancient lich
 73804 | Depths:1 | Learned a level 1 spell: Apportation
 73806 | Depths:1 | Learned a level 1 spell: Summon Butterflies
 74727 | Orc:2    | Bought a hardcover book for 420 gold pieces
 76792 | Depths:1 | Learned a level 2 spell: Passwall
 77147 | Slime:5  | Learned a level 9 spell: Tornado
 77486 | Depths:1 | Upgraded the game from 0.20-a0-1006-ge6c5631 to 0.20-a0-1009-gc986637
 77489 | Depths:1 | Voluntarily entered the Abyss.
 77493 | Abyss:1  | Noticed an ancient lich
 77505 | Abyss:1  | Paralysed by accursed screaming for 1 turns
 77518 | Abyss:1  | Killed an ancient lich
 77682 | Abyss:1  | Found a burning altar of Makhleb.
 77688 | Abyss:1  | Found a burning altar of Makhleb.
 77929 | Abyss:1  | Identified Iskenderun's Reference Book on Conjuration
 77934 | Abyss:1  | Identified Toveacorph's Compendium of Calling
 77963 | Abyss:1  | Identified Eremp's Volume of Calling
 77980 | Abyss:1  | Identified the Almanac of the Blaze
 77989 | Abyss:1  | Identified Urrom's Reference Book on the Voyage
 78009 | Abyss:1  | Identified Syupt's Tome of the Mountains
 78036 | Abyss:1  | Identified the Tome of the Illusory Beds
 78038 | Abyss:1  | Identified the Incunabulum of Calling
 78132 | Abyss:1  | Got a shimmering arbalest
 78156 | Depths:1 | Escaped the Abyss
 78178 | Depths:1 | Voluntarily entered the Abyss.
 78178 | Abyss:1  | Found a corrupted altar of Lugonu.
 78233 | Abyss:1  | Reached skill level 15 in Evocations
 79848 | Abyss:1  | Paralysed by accursed screaming for 1 turns
 80008 | Abyss:1  | Reached skill level 10 in Spellcasting
 80448 | Abyss:1  | Noticed an ancient lich
 80460 | Abyss:1  | Killed an ancient lich
 80856 | Abyss:1  | Paralysed by accursed screaming for 1 turns
 81366 | Abyss:1  | Reached skill level 1 in Air Magic
 81872 | Depths:1 | Escaped the Abyss
 81883 | Depths:1 | Learned a level 6 spell: Darkness
 81889 | Depths:1 | Learned a level 5 spell: Silence
 81892 | Depths:1 | Learned a level 2 spell: Blink
 82151 | Temple   | Fell from the grace of the Shining One
 82151 | Temple   | Became a worshipper of Warmaster Okawaru
 82414 | Depths:1 | Voluntarily entered the Abyss.
 82574 | Abyss:1  | Got a transparent buckler
 82615 | Abyss:1  | Reached * piety under Okawaru
 83056 | Abyss:1  | Paralysed by you for 7 turns
 83084 | Abyss:1  | Reached ** piety under Okawaru
 83162 | Abyss:1  | Gained mutation: You are dopey. (Int -2) [a neqoxec]
 83166 | Abyss:1  | Gained mutation: Your body sometimes deteriorates upon taking damage. [a neqoxec]
 83659 | Abyss:1  | Upgraded the game from 0.20-a0-1009-gc986637 to 0.20-a0-1016-g241539b
 83899 | Abyss:1  | Reached *** piety under Okawaru
 84126 | Abyss:1  | Received a gift from Okawaru
 84223 | Abyss:1  | Lost mutation: You are dopey. (Int -2) [potion of mutation]
 84223 | Abyss:1  | Lost mutation: You occasionally shout uncontrollably at your foes. [potion of mutation]
 84223 | Abyss:1  | Lost mutation: You are partially covered in molten scales. (AC +2) [potion of mutation]
 84223 | Abyss:1  | Gained mutation: Your mind is acute. (Int +2) [potion of mutation]
 84224 | Abyss:1  | Lost mutation: Your mind is acute. (Int +2) [potion of mutation]
 84224 | Abyss:1  | Lost mutation: Your body sometimes deteriorates upon taking damage. [potion of mutation]
 84224 | Abyss:1  | Gained mutation: You occasionally shout uncontrollably at your foes. [potion of mutation]
 84225 | Abyss:1  | Lost mutation: You are robust. (+10% HP) [potion of mutation]
 84225 | Abyss:1  | Lost mutation: You are somewhat resistant to further mutation. [potion of mutation]
 84225 | Abyss:1  | Lost mutation: You occasionally shout uncontrollably at your foes. [potion of mutation]
 84225 | Abyss:1  | Gained mutation: You are clumsy. (Dex -2) [potion of mutation]
 84225 | Abyss:1  | Gained mutation: Your flesh is cold resistant. (rC+) [potion of mutation]
 84225 | Abyss:1  | Gained mutation: Your movements are slightly less encumbered by armour. (ER -2) [potion of mutation]
 84225 | Abyss:1  | Gained mutation: You have sharp toenails. [potion of mutation]
 84709 | Abyss:1  | Paralysed by accursed screaming for 1 turns
 84723 | Abyss:1  | Reached skill level 5 in Air Magic
 84970 | Abyss:1  | Found a corrupted altar of Lugonu.
 85101 | Abyss:1  | Reached **** piety under Okawaru
 85202 | Abyss:1  | Paralysed by an apocalypse crab for 3 turns
 85466 | Abyss:1  | Received a gift from Okawaru
 85747 | Abyss:1  | Paralysed by accursed screaming for 1 turns
 86055 | Abyss:1  | Reached ***** piety under Okawaru
 86441 | Abyss:2  | Received a gift from Okawaru
 86864 | Abyss:2  | Identified the +0 buckler of Cish {rPois Str+3 Slay+2} (You found it on level 1 of the Abyss)
 87299 | Abyss:2  | Received a gift from Okawaru
 87680 | Abyss:2  | Received a gift from Okawaru
 88092 | Depths:1 | Escaped the Abyss
 88120 | Depths:1 | Identified the ring of Zeasioz {rF+ rN+ Int-5 Dex+5 Slay+2} (You found it on level 3 of the Crypt)
 88171 | Depths:1 | Voluntarily entered the Abyss.
 88341 | Abyss:1  | Received a gift from Okawaru
 88388 | Abyss:1  | Found a blossoming altar of Fedhas.
 88399 | Abyss:1  | Found a blossoming altar of Fedhas.
 88449 | Abyss:1  | Found a blossoming altar of Fedhas.
 88881 | Abyss:1  | Reached ****** piety under Okawaru
 88921 | Abyss:1  | Received a gift from Okawaru
 89124 | Abyss:1  | Found a hide-covered altar of Uskayaw.
 89347 | Abyss:1  | Received a gift from Okawaru
 89364 | Abyss:1  | Got a polished demon trident {god gift}
 89378 | Abyss:1  | Identified the +6 demon trident of Arened {elec, rC+ Int+4 Dex+4} (Okawaru gifted it to you on level 1 of the Abyss)
 89509 | Abyss:1  | Found a corrupted altar of Lugonu.
 91139 | Abyss:1  | Received a gift from Okawaru
 91240 | Abyss:1  | Received a gift from Okawaru
 91243 | Abyss:1  | Got a translucent war axe {god gift}
 91268 | Abyss:1  | Identified the +0 war axe of Ythycvy {vamp, Str+5 Stlth+} (Okawaru gifted it to you on level 1 of the Abyss)
 91439 | Abyss:1  | Found an ornate altar of the Wu Jian Council.
 91508 | Abyss:1  | Found an ornate altar of the Wu Jian Council.
 91828 | Abyss:1  | Found a corrupted altar of Lugonu.
 91906 | Abyss:1  | Found a corrupted altar of Lugonu.
 92057 | Abyss:1  | Found a corrupted altar of Lugonu.
 92163 | Abyss:1  | Found a corrupted altar of Lugonu.
 92230 | Abyss:1  | Paralysed by you for 3 turns
 92561 | Abyss:1  | Found a bloodstained altar of Trog.
 92582 | Abyss:1  | Received a gift from Okawaru
 93107 | Abyss:1  | Received a gift from Okawaru
 93710 | Abyss:3  | Got a warped shortbow
 93711 | Abyss:3  | Identified the +5 shortbow of the Fool {speed, rPois Str-5 Dex+2} (You found it on level 3 of the Abyss)
 93822 | Abyss:3  | Found a shimmering altar of Xom.
 93985 | Abyss:3  | Received a gift from Okawaru
 94086 | Abyss:3  | Found an ancient bone altar of Kikubaaqudgha.
 94156 | Abyss:3  | Reached skill level 10 in Air Magic
 94158 | Abyss:3  | Found a shimmering altar of Xom.
 94205 | Abyss:3  | Got a faintly glowing scimitar
 94222 | Abyss:3  | Received a gift from Okawaru
 94354 | Abyss:3  | Found a corrupted altar of Lugonu.
 94530 | Abyss:4  | Found a shimmering altar of Xom.
 94530 | Abyss:4  | Found a shimmering altar of Xom.
 94531 | Abyss:4  | Found a shimmering altar of Xom.
 94532 | Abyss:4  | Found a shimmering altar of Xom.
 94532 | Abyss:4  | Found a shimmering altar of Xom.
 94558 | Abyss:4  | Found a shimmering altar of Xom.
 94560 | Abyss:4  | Found a shimmering altar of Xom.
 94560 | Abyss:4  | Found a shimmering altar of Xom.
 94560 | Abyss:4  | Found a corrupted altar of Lugonu.
 94560 | Abyss:4  | Found a shimmering altar of Xom.
 94561 | Abyss:4  | Found a shimmering altar of Xom.
 94561 | Abyss:4  | Found a shimmering altar of Xom.
 94562 | Abyss:4  | Found a shimmering altar of Xom.
 94562 | Abyss:4  | Found a shimmering altar of Xom.
 94562 | Abyss:4  | Found a shimmering altar of Xom.
 94563 | Abyss:4  | Found a shimmering altar of Xom.
 94667 | Abyss:5  | Entered Level 5 of the Abyss
 94789 | Abyss:5  | Found a corrupted altar of Lugonu.
 94858 | Abyss:5  | Reached skill level 15 in Spellcasting
 94938 | Abyss:5  | Gained mutation: You tend to lose your temper in combat. [a neqoxec]
 94938 | Abyss:5  | Gained mutation: You are very clumsy. (Dex -4) [a neqoxec]
 95384 | Abyss:5  | Received a gift from Okawaru
 95416 | Abyss:5  | Gained mutation: You often lose your temper in combat. [a neqoxec]
 95437 | Depths:1 | Escaped the Abyss
 95580 | Depths:1 | Lost mutation: You often lose your temper in combat. [potion of mutation]
 95580 | Depths:1 | Lost mutation: You have sharp toenails. [potion of mutation]
 95580 | Depths:1 | Lost mutation: You tend to lose your temper in combat. [potion of mutation]
 95580 | Depths:1 | Gained mutation: Your muscles are strong. (Str +2) [potion of mutation]
 95581 | Depths:1 | Lost mutation: You are very clumsy. (Dex -4) [potion of mutation]
 95581 | Depths:1 | Lost mutation: Your movements are slightly less encumbered by armour. (ER -2) [potion of mutation]
 95581 | Depths:1 | Lost mutation: Your flesh is cold resistant. (rC+) [potion of mutation]
 95581 | Depths:1 | Lost mutation: Your muscles are strong. (Str +2) [potion of mutation]
 95581 | Depths:1 | Gained mutation: You are dopey. (Int -2) [potion of mutation]
 95581 | Depths:1 | Lost mutation: You are clumsy. (Dex -2) [potion of mutation]
 95581 | Depths:1 | Gained mutation: Your skin changes colour to match your surroundings (Stealth+). [potion of mutation]
 95582 | Depths:1 | Lost mutation: You are dopey. (Int -2) [potion of mutation]
 95582 | Depths:1 | Lost mutation: Your skin changes colour to match your surroundings (Stealth+). [potion of mutation]
 95582 | Depths:1 | Gained mutation: You expend magic power (3 MP) to strengthen your wands. [potion of mutation]
 95582 | Depths:1 | Gained mutation: You are dopey. (Int -2) [potion of mutation]
 95582 | Depths:1 | Gained mutation: You have a pair of small horns on your head. [potion of mutation]
 95582 | Depths:1 | Gained mutation: You have sharp toenails. [potion of mutation]
 95583 | Depths:1 | Lost mutation: You expend magic power (3 MP) to strengthen your wands. [potion of mutation]
 95583 | Depths:1 | Lost mutation: You are dopey. (Int -2) [potion of mutation]
 95583 | Depths:1 | Lost mutation: You have a pair of small horns on your head. [potion of mutation]
 95583 | Depths:1 | Lost mutation: You are covered in fur. (AC +1) [potion of mutation]
 95583 | Depths:1 | Lost mutation: You have sharp toenails. [potion of mutation]
 95583 | Depths:1 | Gained mutation: Your magical capacity is low. (-10% MP) [potion of mutation]
 95583 | Depths:1 | Gained mutation: You are agile. (Dex +2) [potion of mutation]
 95584 | Depths:1 | Lost mutation: Your magical capacity is low. (-10% MP) [potion of mutation]
 95584 | Depths:1 | Lost mutation: You are agile. (Dex +2) [potion of mutation]
 95584 | Depths:1 | Gained mutation: Armour fits poorly on your strangely shaped body. [potion of mutation]
 95584 | Depths:1 | Gained mutation: You are agile. (Dex +2) [potion of mutation]
 95584 | Depths:1 | Gained mutation: You are very agile. (Dex +4) [potion of mutation]
 95584 | Depths:1 | Gained mutation: You have large cloven feet. [potion of mutation]
 95585 | Depths:1 | Lost mutation: You are very agile. (Dex +4) [potion of mutation]
 95585 | Depths:1 | Lost mutation: Armour fits poorly on your strangely shaped body. [potion of mutation]
 95585 | Depths:1 | Lost mutation: You have large cloven feet. [potion of mutation]
 95585 | Depths:1 | Lost mutation: You are agile. (Dex +2) [potion of mutation]
 95585 | Depths:1 | Gained mutation: Your muscles are strong. (Str +2) [potion of mutation]
 95585 | Depths:1 | Gained mutation: Your muscles are very strong. (Str +4) [potion of mutation]
 95595 | Depths:1 | Identified the cursed +0 scimitar "Emuhes" {pain, MR+} (You found it on level 3 of the Abyss)
 95613 | Depths:1 | Upgraded the game from 0.20-a0-1016-g241539b to 0.21-a0-84-g85d6d27
 95616 | Depths:1 | Voluntarily entered the Abyss.
 95639 | Abyss:1  | Paralysed by accursed screaming for 1 turns
 95694 | Abyss:1  | Gained mutation: Your magical capacity is low. (-10% MP) [a neqoxec]
 95719 | Abyss:1  | Found a corrupted altar of Lugonu.
 96021 | Abyss:2  | Found a burning altar of Makhleb.
 96530 | Abyss:2  | Found a corrupted altar of Lugonu.
 97377 | Abyss:2  | Found a corrupted altar of Lugonu.
 97450 | Abyss:2  | Upgraded the game from 0.21-a0-84-g85d6d27 to 0.21-a0-193-g085b6a0
 97679 | Abyss:2  | Got a smoking ring mail
 97686 | Abyss:2  | Identified the +0 ring mail of the Kettle-Drum {rF- rC++ Regen+ Str+2} (You found it on level 2 of the Abyss)
 97691 | Depths:1 | Escaped the Abyss
 97696 | Depths:1 | Voluntarily entered the Abyss.
 97717 | Abyss:1  | Received a gift from Okawaru
 98565 | Abyss:1  | Paralysed by accursed screaming for 2 turns
 98582 | Abyss:1  | Paralysed by accursed screaming for 1 turns
 98867 | Abyss:1  | Lost mutation: Your muscles are very strong. (Str +4) [a neqoxec]
 98945 | Abyss:1  | Received a gift from Okawaru
 99386 | Depths:1 | Escaped the Abyss
 99544 | Depths:3 | Noticed Nikola
 99573 | Depths:3 | Killed Margery
 99578 | Depths:3 | Noticed the Enchantress
 99595 | Depths:3 | Killed Nikola
 99969 | Depths:3 | Reached skill level 27 in Armour
100028 | Depths:3 | Received a gift from Okawaru
100353 | Depths:3 | Received a gift from Okawaru
100382 | Depths:3 | Got a bronze plate armour {god gift}
100383 | Depths:3 | Identified the +6 plate armour of Heti Nene {*Contam rElec rPois} (Okawaru gifted it to you on level 3 of the Depths)
100618 | Depths:3 | Killed the Enchantress
100715 | Depths:3 | Got faerie dragon scales
100726 | Depths:3 | Identified the +1 faerie dragon scales {+Blink rPois rCorr} (You took it off the Enchantress on level 3 of the Depths)
101106 | Depths:3 | Reached skill level 1 in Polearms
101270 | Depths:3 | Bought a potion of haste for 200 gold pieces
101270 | Depths:3 | Bought a potion of heal wounds for 100 gold pieces
101270 | Depths:3 | Bought a potion of curing for 60 gold pieces
101270 | Depths:3 | Bought 2 potions of haste for 400 gold pieces
101270 | Depths:3 | Bought a potion of haste for 200 gold pieces
101270 | Depths:3 | Bought a potion of agility for 80 gold pieces
101270 | Depths:3 | Bought a potion of brilliance for 80 gold pieces
101270 | Depths:3 | Bought a potion of magic for 160 gold pieces
101578 | Depths:3 | Killed Boris
101650 | Depths:3 | Found a one-way gate leading to the halls of Pandemonium.
102070 | Depths:4 | Received a gift from Okawaru
102277 | Depths:4 | Noticed Mara
102393 | Depths:4 | Killed Mara
102813 | Depths:4 | Received a gift from Okawaru
102946 | Depths:4 | Noticed a juggernaut
102972 | Depths:4 | Killed a juggernaut
102976 | Depths:4 | Reached skill level 5 in Polearms
103061 | Depths:4 | Identified the Volume of Flames
103090 | Depths:5 | Entered Level 5 of the Depths
103300 | Depths:5 | Found Cyteitucad's Magic Scroll Shop.
103302 | Depths:5 | Found Luill's Gadget Boutique.
103302 | Depths:5 | Found Xeakk's Assorted Antiques.
103305 | Depths:5 | Found Zantelust's Magic Scroll Boutique.
103306 | Depths:5 | Noticed strifetoe's ghost (legendary HOBe)
103502 | Depths:5 | Killed strifetoe's ghost
103577 | Depths:5 | Noticed Louise
103579 | Depths:5 | Killed Louise
104028 | Depths:5 | Bought a scroll of teleportation for 66 gold pieces
104028 | Depths:5 | Bought a scroll of identify for 44 gold pieces
104028 | Depths:5 | Bought a scroll of identify for 44 gold pieces
104028 | Depths:5 | Bought a scroll of identify for 44 gold pieces
104028 | Depths:5 | Bought a scroll of identify for 44 gold pieces
104031 | Depths:5 | Bought a tiny fluorescent amulet for 250 gold pieces
104038 | Depths:5 | Bought a scroll of teleportation for 57 gold pieces
104038 | Depths:5 | Bought a scroll of blinking for 142 gold pieces
104038 | Depths:5 | Bought a scroll of teleportation for 57 gold pieces
104038 | Depths:5 | Bought a scroll of blinking for 142 gold pieces
104337 | Depths:5 | Received a gift from Okawaru
104371 | Depths:5 | Reached skill level 15 in Air Magic
104394 | Depths:5 | Found a gate to the Realm of Zot.
104619 | Zot:1    | Entered Level 1 of the Realm of Zot
105686 | Zot:3    | Received a gift from Okawaru
106043 | Zot:3    | Received a gift from Okawaru
106257 | Zot:3    | Received a gift from Okawaru
106504 | Zot:3    | Received a gift from Okawaru
107354 | Zot:4    | Received a gift from Okawaru
107475 | Zot:4    | Noticed an ancient lich
107491 | Zot:4    | Killed an ancient lich
108529 | Zot:5    | Entered Level 5 of the Realm of Zot
108741 | Zot:5    | Received a gift from Okawaru
108831 | Zot:5    | Noticed an ancient lich
108848 | Zot:5    | Noticed an orb of fire
108879 | Zot:5    | Lost mutation: Your muscles are strong. (Str +2) [an orb of fire]
108882 | Zot:5    | Killed an orb of fire
108882 | Zot:5    | Received a gift from Okawaru
109146 | Zot:5    | Killed an ancient lich
109353 | Zot:5    | Noticed an ancient lich
109369 | Zot:5    | Killed an ancient lich
109377 | Zot:5    | Noticed an ancient lich
109398 | Zot:5    | Received a gift from Okawaru
109410 | Zot:5    | Killed an ancient lich
109436 | Zot:5    | Noticed an orb of fire
109436 | Zot:5    | Gained mutation: You are dopey. (Int -2) [an orb of fire]
109442 | Zot:5    | Noticed an orb of fire
109443 | Zot:5    | Gained mutation: You tend to lose your temper in combat. [an orb of fire]
109460 | Zot:5    | Noticed an orb of fire
109485 | Zot:5    | Gained mutation: Armour fits poorly on your strangely shaped body. [an orb of fire]
109486 | Zot:5    | Gained mutation: You occasionally shout uncontrollably at your foes. [an orb of fire]
109492 | Zot:5    | Killed from afar by an orb of fire

Vault maps used:
D:1:      lemuel_arrival_muddy, serial_park_tiny_1
D:3:      trog_butcher_becter, uniq_crazy_yiuf_cottage, uniq_terence
D:4:      cheibrodos_quashed, nicolae_overflow_crystal_walls,
          minmay_temple_entry_water_ring, first_bread, serial_shops, shop
D:5:      minivault_23
D:6:      nicolae_qazlal_style_of_elements
D:7:      grunt_livestock, hex_tiny
D:8:      grunt_temple_overflow_opulence, david_lair_shrubbed
D:9:      david_orc_2, special_room, grunt_decor_fettered,
          makhleb_altar_promises_db, uniq_erica
D:10:     serial_shops, nicolae_shop_statue_plus
D:12:     serial_shops, bzr_entry_gold
D:13:     minmay_outward_triangles, hangedman_vaults_entry_quadrant_bands,
          minivault_11, uniq_sonja
D:15:     hangedman_depths_entry_civil_slaughter, serial_shops, shop,
          lemuel_statue_altar
Temple:   regret_index_temple_mists
Lair:2:   minmay_snake_entry_six_corridors
Lair:3:   minmay_swamp_entry_worms, lemuel_fruit_fields, serial_bayou_shore_a
Lair:5:   slime_altar_1
Lair:6:   guppyfry_lair_end_dragon, wormcave, lemuel_fruit_tree
Swamp:1:  hangedman_swamp_lotus
Swamp:2:  nicolae_swamp_dense_foliage
Swamp:3:  serial_swamp_ruin, evilmike_swamp_ruin_house_1,
          evilmike_swamp_ruin_house_6
Swamp:4:  swamp_basic_johnstein
Snake:2:  serial_shops, shop
Snake:3:  serial_shops, shop, serial_bayou_shore_b, uniq_roxanne
Snake:4:  minmay_snake_end_coiled, lemuel_altar_in_water2
Slime:2:  cheibrodos_slime_lost_civilization_7
Slime:3:  nicolae_slime_phagocytosis
Orc:1:    serial_shops, nicolae_shop_trees, roderic_batcave
Orc:2:    grunt_orc_tribal_feast, mines2_david
Elf:1:    serial_shops, nicolae_shop_waterfront, evilmike_minifort,
          grunt_megastairs_3
Elf:2:    library_closet
Elf:3:    minmay_elf_hall_dome, lemuel_flamethrower_3
Vaults:1: vaults_mumra_chevron_long, vaults_room_octagon,
          hangedman_vaults_snaps, hangedman_vaults_variations,
          hangedman_vaults_river_flow, vaults_room_corners,
          hangedman_vaults_capsules, st_cells, vaults_dpeg_ring,
          nicolae_vaults_gold_heap
Vaults:2: vaults_room_semicircle, nicolae_vaults_little_squares_2,
          special_room_vaults, nicolae_vaults_network_quinsquares,
          hangedman_vaults_trim, minmay_crypt_entry_necro_gods,
          ontoclasm_vaults_idyll, dpeg_vaults_monster_box, serial_shops, shop,
          uniq_sojobo, uniq_frederick, uniq_bai_suzhen
Vaults:3: vaults_standard_mumra_x, nicolae_vaults_ring_of_whatevers,
          v_alt_pattern_1, vaults_room_fancy_cross, st_octagons_2,
          ontoclasm_vaults_ring_large, vaults_room_stairs_pillars,
          v_alt_pattern_3, nicolae_vaults_little_squares_5, v_misc_31,
          grunt_vaults_bifocal, basic_altar, uniq_donald
Vaults:4: grunt_vaults_swirl, hangedman_vaults_hat, vaults_dpeg_encased_lava,
          v_rooms_5, vaults_room_fancy_cross, nicolae_vaults_hallways_thing,
          nicolae_vaults_mini_display_case, vaults_mumra_lcd, v_misc_9,
          v_misc_30, special_room_vaults, uniq_xtahua
Vaults:5: uniq_saint_roka
Crypt:1:  grunt_megastairs_2, grunt_crypt_arrival_webbed
Crypt:2:  minmay_misc_feat_columns
Crypt:3:  quadcrypt_mu
Depths:1: serial_glass, glass_columns_b, glass_columns_a, feat_on_display,
          feat_on_display, unseen_surprise_small, due_unseen_surprise,
          hellmouth_3, infiniplex_enter_wizlab_water, abyss_entry, st_stairs_3,
          cheibriados_altar_1
Depths:2: minmay_octo_star, enter_ziggurat_d, pf_vacation_house_of_asmodeus,
          minmay_crystal_room, basic_stair_grate_trap,
          infiniplex_staircase_diamond
Depths:3: hangedman_cross_stitches, minmay_misc_feat_roman, abyss_entry,
          rand_demon_pan_entry_1, hell_entry, serial_shops,
          kennysheep_little_box, minmay_the_grid_3x3, uniq_boris, uniq_nikola,
          uniq_margery, uniq_enchantress
Depths:4: minmay_expanding_circles, pan_entry, abyss_entry, hellmouth_1,
          hangedman_devilish_allure, minmay_staircase_statues, uniq_mara
Depths:5: evilmike_zot_entry_gauntlet, nicolae_abyss_entry_one_way_or_another,
          hell_entry, roderic_roman_lattice, eino_tiny_chamber, minmay_shoptagon
Zot:2:    nicolae_lava_and_water
Zot:3:    kennysheep_spiral_hall
Zot:4:    hangedman_player_shredder
Zot:5:    basic_stair_grate_trap
Abyss:1:  evilmike_abyss_exit_glass, evilmike_abyss_exit_4
Abyss:2:  hangedman_decor_peaks_small, bh_abyss_exit_grid, minivault_13
Abyss:3:  bh_abyss_exit_grid, evilmike_abyss_exit_17
Abyss:4:  small_statue_intersection, bh_abyss_xom_lugonu_altar,
          evilmike_abyss_exit_2
Abyss:5:  guppyfry_abyss_exit_glass_guarded, minivault_25, minivault_24,
          hangedman_abyss_monster_moat, bh_abyss_exit_grid
Bazaar:   bazaar_jpeg_circle_common
WizLab:   wizlab_cigotuvi

Skill      XL: |  1  2  3  4  5  6  7  8  9 10 11 12 13 14 15 16 17 18 19 20 21 22 23 24 25 26 27 |
---------------+----------------------------------------------------------------------------------+-----
Axes           | 3 4 5 6 8 10 11 12 13 15 16 17 18 | 18.0
Dodging        | 2 3 4 5 6 7 8 9 10 11 12 13 14 16 18 22 | 22.0
Fighting       | 4 5 6 7 8 9 10 11 12 13 14 16 17 20 21 23 25 26 27 | 27.0
Armour         | 3 4 5 6 7 8 9 10 11 12 13 14 15 27 | 27.0
Shields        | 3 4 5 7 8 9 11 13 14 15 | 15.0
Crossbows      | 3 5 6 8 10 13 | 13.1
Long Blades    | 1 |  1.1
Stealth        | 1 3 5 8 9 12 | 12.2
Evocations     | 1 3 6 20 | 20.5
Unarmed Combat | 2 |  2.0
Spellcasting   | 17 | 17.3
Air Magic      | 21 | 21.4
Polearms       | 8 |  8.2
Throwing       | |  0.5
Hexes          | |  0.1

Action                   |  1- 3 |  4- 6 |  7- 9 | 10-12 | 13-15 | 16-18 | 19-21 | 22-24 | 25-27 || total
-------------------------+-------+-------+-------+-------+-------+-------+-------+-------+-------++-------
Melee: Hand axe          |   135 |   105 |       |       |       |       |       |       |       ||   240
       War axe           |       |    52 |   265 |   345 |       |       |       |       |       ||   662
       Headbutt          |       |       |       |    84 |   234 |   275 |    32 |       |       ||   625
       Battleaxe         |       |       |       |   236 |       |       |       |       |       ||   236
       Broad axe         |       |       |       |   130 |  1185 |  1501 |  2055 |  1902 | 14010 || 20783
       Scimitar          |       |       |       |     7 |    37 |    71 |       |       |       ||   115
       Unarmed           |       |       |       |       |       |       |       |       |    73 ||    73
 Fire: Arbalest          |       |       |       |    63 |       |       |       |       |       ||    63
       Hand crossbow     |       |       |       |       |       |       |    49 |   200 |   288 ||   537
Throw: Tomahawk          |       |       |       |     2 |     1 |       |       |       |       ||     3
Invok: Trog's Hand       |       |     1 |     5 |    15 |     3 |     1 |     1 |     1 |       ||    27
       Berserk           |       |     1 |     3 |     5 |     4 |     1 |     1 |       |       ||    15
       Brothers in Arms  |       |       |       |     3 |     2 |     1 |     1 |    12 |       ||    19
       Divine Shield     |       |       |       |       |       |       |       |       |     1 ||     1
 Abil: Fly               |       |       |       |       |     1 |       |       |       |     1 ||     2
       Blink             |       |       |       |       |       |       |       |     1 |       ||     1
       Stop Flying       |       |       |       |       |       |       |       |     1 |       ||     1
Evoke: Wand              |       |       |       |       |       |     1 |     2 |     5 |     2 ||    10
  Use: Scroll            |       |       |     1 |    12 |    14 |    11 |     6 |    19 |    43 ||   106
       Potion            |       |       |       |     1 |     4 |     2 |       |    13 |    16 ||    36
 Stab: Confused          |       |       |       |       |     1 |     1 |       |       |       ||     2
       Distracted        |       |       |       |       |       |     1 |     1 |     5 |    71 ||    78
       Sleeping          |       |       |       |       |       |       |     8 |    14 |    29 ||    51
       Invisible         |       |       |       |       |       |       |       |       |     1 ||     1
  Eat: Chunk             |     2 |     5 |    13 |    35 |    23 |    21 |    40 |    27 |   145 ||   311
       Royal jelly       |       |       |       |     1 |     7 |     6 |       |       |     3 ||    17
       Fruit             |       |       |       |     1 |       |       |     1 |    24 |    46 ||    72
Armor: Animal skin       |    57 |       |       |       |       |       |       |       |       ||    57
       Scale mail        |       |    83 |    17 |       |       |       |       |       |       ||   100
       Plate armour      |       |       |   179 |       |       |       |       |       |       ||   179
       Ring mail         |       |       |    17 |   444 |   440 |   526 |   413 |   515 |  2040 ||  4395
       Fire dragon scale |       |       |       |       |       |       |     9 |     4 |       ||    13
       Skin              |       |       |       |       |       |       |       |       |     5 ||     5
Dodge: Dodged            |    96 |    89 |   118 |   342 |   309 |   423 |   530 |   484 |  5462 ||  7853
Block: Shield            |       |       |       |   200 |   415 |   666 |   729 |   611 |  5421 ||  8042
       Rpst.: Scimitar   |       |       |       |     4 |     8 |     6 |       |       |       ||    18
